AoeStats
← The Goated Grandpa

Arabia

510364987Analyzed
1v1 RM · 2d ago on Sep 30, 2026· 27m 43s· 2 players
Game mode
Random Map
Map size
Tiny (2 player)
Population
200
Speed
Normal
Resources
Standard
Victory
Conquest
Starting age
Dark Age
Ending age
Imperial Age
RankedLock teamsTeams togetherTeam positionsShared explorationLock speedFull tech treeHidden civsTurbo modeCheats
Victory
Defeat
🇦🇷 Mapuche · Argentina
1450
+14
🇺🇸 Chinese · United States
1406
-14
PomberoRabioso
6:00 Loom
6:43 Loom
9:09 Feudal Age
13:20 Double-Bit Axe
13:56 Fletching
17:28 Wheelbarrow
23:20 Castle Age
24:02 Bodkin Arrow
24:38 Bow Saw
24:10 Horse Collar
24:19 Crossbowman
28:16 Forging
The Goated Grandpa
0:29 Loom
9:25 Feudal Age
9:32 Man-at-Arms
15:55 Double-Bit Axe
16:50 Padded Archer Armor
16:40 Fletching
23:41 Castle Age
25:37 Town Watch
26:47 Horse Collar
Connection lost

Rejoining the realm…

Still unreachable

The connection could not be restored.

Session expired

The server has moved on; the page needs a fresh start.